 Dungeon Crawl Stone Soup version 0.31-a0-460-g9e667d4245 (webtiles) character file.

Game seed: 15528239418093342439

128 MisterAzrael the Ruffian (level 5, -7/34 HPs)
             Began as an Octopode Shapeshifter on Aug 4, 2023.
             Killed from afar by Natasha (10 damage)
             ... with a puff of flame
             ... on level 2 of the Dungeon.
             The game lasted 00:01:15 (1248 turns).

MisterAzrael the Ruffian (Octopode Shapeshifter)    Turns: 1248, Time: 00:01:16

Health: -7/34      AC:  1    Str: 16    XL:     5   Next: 12%
Magic:  5/5        EV: 13    Int: 10    God:
Gold:   61         SH:  0    Dex: 13    Spells: 4/4 levels left

rFire   . .          .
                       - Unarmed
rCold   . . .        (no shield)
rNeg    . . .        (helmet currently unavailable)
rPois   .            (no amulet)
rElec   .            (no ring)
rCorr   .            (no ring)
SInv    .            (no ring)
Will    .....        (no ring)
Stlth   +++          (no ring)
HPRegen 0.25/turn    (no ring)
MPRegen 0.09/turn    (no ring)
                     (no ring)

%: no passive effects
@: beast-form
A: beast (slay +2), almost no armour, amphibious, 8 rings, camouflage 1,
gelatinous body 1, (nimble swimmer 1), tentacles
a: Begin Untransformation


You were on level 2 of the Dungeon.
You were a hulking beast.
You visited 1 branch of the dungeon, and saw 2 of its levels.

You collected 61 gold pieces.

Inventory:

Missiles
 h - 5 javelins
Jewellery
 i - a ring of fire
Talismans
 b - a beast talisman (active)
Scrolls
 c - a scroll of identify {unknown}
 f - a scroll of teleportation {unknown}
 g - a scroll of fear {unknown}
Potions
 a - a potion of lignification
 d - a potion of might {unknown}
 e - a potion of mutation {unknown}
 j - a potion of curing {unknown}
 k - a potion of degeneration {unknown}


   Skills:
 + Level 2.1 Fighting
 + Level 2.9 Dodging
 + Level 2.1 Stealth
 * Level 4.0 Unarmed Combat
 + Level 3.3 Shapeshifting


You had 4 spell levels left.
You didn't know any spells.
Your spell library was empty.

Dungeon Overview and Level Annotations

Branches:
Dungeon (2/15)

Altars:

Annotations:
D:2 Natasha


Innate Abilities, Weirdness & Mutations

You are a hulking beast.
Your limbs bulge with bestial killing power. (Slay +2)
You cannot wear most types of armour.
You are amphibious.
You can wear up to eight rings at the same time.
Your skin changes colour to match your surroundings (Stealth+).
Your rubbery body absorbs attacks. (AC +1, EV +1)
((You are camouflaged when in or above water. (Stealth+)))
You have tentacles for arms and can constrict up to eight enemies at once.


Message History

Natasha hisses angrily.
Natasha stares at you and mumbles some strange words.
The magic dart hits you!
Found a dagger.
Natasha casts a spell.
Natasha stares at you and mumbles some strange words.
You resist with some effort.
The cerulean imp hits you from afar with a +0 spear.
You tentacle-slap Natasha. You grab Natasha. You squeeze Natasha.
Natasha is heavily wounded.
You constrict Natasha, but do no damage.
Natasha claws you!
* * * LOW HITPOINT WARNING * * *
The cerulean imp hits you from afar with a +0 spear.
* * * LOW HITPOINT WARNING * * *
You tentacle-slap Natasha. You squeeze Natasha.
Natasha is severely wounded.
You constrict Natasha. Natasha misses you. The cerulean imp closely misses you.
You tentacle-slap Natasha but do no damage.
You squeeze Natasha.
Natasha is almost dead.
You constrict Natasha.
You kill Natasha!
You hear a faint echoing roar filled with hate and sorrow!
The cerulean imp disappears in a puff of smoke!
Your Stealth skill increases to level 2!
Your Unarmed Combat skill increases to level 4!
You have reached level 5!
You feel agile.
You start resting.
Natasha, Servant of Life and Death comes into view.
She is carrying a wand of flame.
Natasha is nearby!
Natasha zaps a wand.
The puff of flame hits you!
* * * LOW HITPOINT WARNING * * *
Natasha casts a spell at you. The magic dart hits you.
* * * LOW HITPOINT WARNING * * *
Okay, then.
Natasha zaps a wand.
The puff of flame hits you!
You die...

#.# # #..##
##..###. #.##
#......# ##.#
##.......
#..#
#....?..#
#.## #....†##
#.#
#.#......#
#.#
#.)h.....###
#.# ##
.....###..h#
#.####. ....
###.# #.##...
... #.#
#.##.#. ..
#.# #....#. .
#.######
#..###.
#>....<#
#..#...
######.#
#..#### #.#
##..~≈≈≈
#.####...####


You could see Natasha.

Vanquished Creatures
  Natasha (twice) (D:2)
  4 gnolls (D:2)
  2 dart slugs
  5 ball pythons
  3 bats
  2 endoplasms (D:1)
  4 giant cockroaches
  2 goblins (D:1)
  5 hobgoblins (D:1)
  3 jackals (D:1)
  A quokka (D:1)
  2 frilled lizards (D:1)
  A kobold (D:1)
  A rat (D:1)
37 creatures vanquished.

Notes
Turn   | Place    | Note
-------+----------+-------------------------------------------
     0 | D:1      | MisterAzrael the Octopode Shapeshifter began the quest for
                  | the Orb.
     0 | D:1      | Reached XP level 1. HP: 13/13 MP: 1/1
   133 | D:1      | Reached XP level 2. HP: 18/18 MP: 2/2
   473 | D:1      | Reached XP level 3. HP: 21/23 MP: 3/3
   760 | D:2      | Reached skill level 1 in Stealth
   794 | D:2      | Reached XP level 4. HP: 15/29 MP: 4/4
  1154 | D:2      | Noticed Natasha
  1157 | D:2      | Killed Natasha
  1216 | D:2      | Noticed Natasha
  1223 | D:2      | Killed Natasha
  1224 | D:2      | Reached skill level 4 in Unarmed Combat
  1224 | D:2      | Reached XP level 5. HP: 9/34 MP: 5/5
  1243 | D:2      | Noticed Natasha
  1248 | D:2      | Killed from afar by Natasha

Illustrated notes

Levels and vault maps discovered:
D:1:      lordsloth_arrival_two_stooges, layout_basic,
          chequers_serial_rivers_room_a
D:2:      layout_rooms, grunt_decor_cap, lightli_corner_chamber, uniq_natasha,
          uniq_crazy_yiuf_cottage

Skill      XL: |  1  2  3  4 |
---------------+-------------+-----
Stealth        | 1 2 |  2.1
Fighting       | 2 |  2.1
Unarmed Combat | 4 |  4.0
Dodging        | |  2.9
Shapeshifting  | |  3.3

Action                     |  1- 3 |  4- 6 || total
---------------------------+-------+-------++-------
  Melee: Unarmed           |    58 |    11 ||    69
         Constrict         |    16 |     3 ||    19
         Tentacles         |    12 |     7 ||    19
         Punch             |     1 |     1 ||     2
   Stab: Sleeping          |     8 |     2 ||    10
 Armour: Skin              |     2 |     3 ||     5
  Dodge: Dodged            |    34 |    11 ||    45

Table legend: (Time is in decaauts)
 A = Elapsed time spent in this place.
 B = Non-inter-level travel time spent in this place.
 C = Inter-level travel time spent in this place.
 D = Time resting spent in this place.
 E = Time spent auto-exploring this place.
 F = Levels seen in this place.
 G = Mean time per level.
                   A        B        C        D        E       F      G
               +--------+--------+--------+--------+--------+-----+--------+
         Total |   1243 |   1217 |     26 |    154 |    828 |   2 |  621.5 |
       Dungeon |   1243 |   1217 |     26 |    154 |    828 |   2 |  621.5 |
               +--------+--------+--------+--------+--------+-----+--------+

Top non-repeatable levels by time:
     D:1: 741 daAuts
     D:2: 501 daAuts
